 Dungeon Crawl Stone Soup version 0.28-b1-25-g9875b3fc8c (webtiles) character file.

Game seed: 1835460204764475934

27 growler the Gusty (level 3, 0/19 HPs)
             Began as a Tengu Air Elementalist on Feb 2, 2022.
             Succumbed to an adder's poison
             ... on level 2 of the Dungeon.
             The game lasted 00:03:13 (1135 turns).

growler the Gusty (Tengu Air Elementalist)          Turns: 1135, Time: 00:03:14

Health: 0/19       AC:  2    Str:  8    XL:     3   Next: 10%
Magic:  0/7        EV: 12    Int: 17    God:
Gold:   29         SH:  0    Dex: 14    Spells: 3/6 levels left

rFire   . . .      SeeInvis .   (no weapon)
rCold   . . .      Faith    .   (no shield)
rNeg    . . .      Spirit   .   a - +0 robe
rPois   .          Reflect  .   (helmet restricted)
rElec   .          Harm     .   (no cloak)
rCorr   .          Rampage  .   (no gloves)
Will    .....                   (boots unavailable)
Stlth   ++........              (no amulet)
HPRegen 0.06/turn               (no ring)
MPRegen 0.10/turn               (no ring)

@: lethally poisoned (0 -> -2), hasted, very quick
A: beak, talons 3
a: no special abilities


You were on level 2 of the Dungeon.
You visited 1 branch of the dungeon, and saw 2 of its levels.

You collected 29 gold pieces.

Inventory:

Armour
 a - a +0 robe (worn)
Scrolls
 d - a scroll of noise {unknown}


   Skills:
 - Level 2.1 Dodging
 - Level 2.0 Stealth
 + Level 2.4 Spellcasting
 + Level 2.4 Conjurations
 + Level 4.6 Air Magic


You had 3 spell levels left.
You knew the following spells:

 Your Spells              Type           Power      Damage    Failure   Level
a - Shock                 Conj/Air       56%        1d6       4%          1
d - Static Discharge      Conj/Air       14%        N/A       7%          2

Your spell library contained the following spells:

 Spells                   Type           Power      Damage    Failure   Level
 Swiftness                Air            17%        N/A       9%          3
 Stone Arrow              Conj/Erth      12%        3d7       32%         3
 Airstrike                Air            8%         N/A       28%         4
 Animate Armour           Summ/Erth      4%         N/A       88%         4
 Lehudib's Crystal Spear  Conj/Erth      3%         10d2      100%        8


Dungeon Overview and Level Annotations

Branches:
Dungeon (2/15)

Altars:


Innate Abilities, Weirdness & Mutations

You have a beak for a mouth.
You have claws for feet.


Message History

The zap hits the adder.
The adder hisses angrily.
The zap misses the adder.
The zap misses the adder.
You miscast Shock.
You are very lightly contaminated with residual magic.
Nothing appears to happen.
The adder is struck by an arc of lightning.
You are struck by an arc of lightning.
The lightning grounds out.
The adder bites you.
You are poisoned.
The adder poisons you! The adder closely misses you.
* * * LOW HITPOINT WARNING * * *
You feel sick.
* * * LOW HITPOINT WARNING * * *
You feel sick.
It was a potion of haste.
You feel yourself speed up.
* * * LOW HITPOINT WARNING * * *
You feel sick. The adder bites you but does no damage.
The adder closely misses you.
It was a potion of curing.
You feel better. The adder bites you.
You are lethally poisoned!
The adder poisons you!
* * * LOW HITPOINT WARNING * * *
You feel sick.
* * * LOW HITPOINT WARNING * * *
You feel sick.
Your magical contamination has completely faded away.
There is a stone staircase leading up here.
A frilled lizard comes into view.
* * * LOW HITPOINT WARNING * * *
You feel sick.
* * * LOW HITPOINT WARNING * * *
You feel sick.
The adder is struck by an arc of lightning!
You kill the adder!
You are struck by an arc of lightning.
* * * LOW HITPOINT WARNING * * *
The lightning grounds out.
You have reached level 3!
Your experience leads to an increase in your attributes!
Increase (S)trength, (I)ntelligence, or (D)exterity?
You feel clever. x2
* * * LOW HITPOINT WARNING * * *
You feel sick.
There is a stone staircase leading up here.
You aren't carrying any potions.
You don't have enough magic to cast this spell.
Unknown command.
You die...

### # ##.##
l..##.#####...##
........@......#
.##########...##
##.## #.# #.#
.#. .# #. .# #.
.# #.


There were no monsters in sight!

Vanquished Creatures
  An adder (D:2)
  2 ball pythons (D:1)
  2 endoplasms (D:1)
  3 giant cockroaches (D:1)
  A goblin (D:1)
  A quokka (D:1)
  A bat (D:1)
  3 kobolds (D:1)
  3 rats (D:1)
17 creatures vanquished.

Vanquished Creatures (others)
  A plant (D:1)
1 creature vanquished.

Grand Total: 18 creatures vanquished

Notes
Turn   | Place    | Note
-------+----------+-------------------------------------------
     0 | D:1      | growler the Tengu Air Elementalist began the quest for the
                  | Orb.
     0 | D:1      | Reached XP level 1. HP: 10/10 MP: 4/4
   187 | D:1      | Reached XP level 2. HP: 14/15 MP: 0/6
   573 | D:1      | Learned a level 2 spell: Static Discharge
  1134 | D:2      | Reached XP level 3. HP: 1/19 MP: 0/7
  1135 | D:2      | Succumbed to an adder's poison

Illustrated notes

Levels and vault maps discovered:
D:1:      dpeg_arrival_orchard, layout_rooms, nrook_uturn, chequers_big_river,
          chequers_serial_rivers_small_3
D:2:      layout_loops_corners, dreamdust_ecumenical_altar_grove

Skill      XL: |  1  2 |
---------------+-------+-----
Conjurations   | 2 |  2.4
Dodging        | |  2.1
Stealth        | |  2.0
Spellcasting   | |  2.4
Air Magic      | |  4.6

Action                   || total
-------------------------++-------
Melee: Unarmed           ||    17
       Kick              ||     1
       Peck              ||     1
 Cast: Shock             ||    33
       Static Discharge  ||     2
  Use: Potion            ||     2
Armor: Robe              ||     5
Dodge: Dodged            ||    14
